 Dungeon Crawl Stone Soup version 0.27-a0-1322-gfdffb62a71 (webtiles) character file.

Game seed: 17990919358806866666

458360 freelancePsychic the Bewitcher (level 23, -18/173 (185) HPs)
             Began as a Demonspawn Artificer on June 21, 2021.
             Was the Champion of Vehumet.
             Demolished by a green very ugly thing (21 damage)
             ... on level 3 of the Abyss on June 22, 2021.
             The game lasted 03:09:16 (72118 turns).

freelancePsychic the Bewitcher (DsAr)              Turns: 72118, Time: 03:09:17

HP:   -18/173 (185) AC: 22    Str: 14    XL:     23   Next: 32%
MP:   25/43         EV: 25    Int: 25    God:    Vehumet [******]
Gold: 2472          SH: 11    Dex: 19    Spells: 5/46 levels left

rFire    . . .     SeeInvis +   a - +8 quick blade of Pianem {freeze, +Blink rPois Will+ SInv}
rCold    + . .     Faith    .   n - +1 buckler {rC+}
rNeg     . . .     Spirit   .   G - +5 steam dragon scales
rPois    +         Reflect  .   (helmet unavailable)
rElec    .         Harm     .   F - scarf {shadows}
rCorr    .         Rampage  .   k - +2 pair of gloves
Will     ++++.                  P - +1 pair of boots "Feuduh" {Will++}
Stlth    ++........             V - amulet of magic regeneration
HPRegen  0.38/turn              x - +4 ring of evasion
MPRegen  0.53/turn              W - ring "Otusim" {Fly rPois Int+4 Dex+3}

@: flying, contaminated, slowed, glowing, studying Throwing, drained, very slow
A: antennae 3, yellow scales 2, icemail 1, condensation shield, demonic magic 3,
corrupting presence 2, agile 1, high mp 1, subdued magic 1
}: 2/15 runes: decaying, gossamer
a: Renounce Religion, Evoke Blink


You were on level 3 of the Abyss.
You worshipped Vehumet.
Vehumet was exalted by your worship.
You visited 9 branches of the dungeon, and saw 45 of its levels.
You visited the Abyss 1 time.
You also visited: Ossuary.

You collected 7434 gold pieces.
You spent 4962 gold pieces at shops.

Inventory:

Hand Weapons
 a - the +8 quick blade of Pianem (weapon) {freeze, +Blink rPois Will+ SInv}
   (You acquired it on level 11 of the Dungeon)

   It has been specially enchanted to freeze those struck by it, causing extra
   injury to most foes and up to half again as much damage against particularly
   susceptible opponents.
   It can also slow down cold-blooded creatures.
   It protects you from poison.
   It lets you see invisible.
   It lets you blink.
   It increases your willpower.
 J - a +6 antimagic rapier
Armour
 k - a +2 pair of gloves (worn)
 n - a +1 buckler of cold resistance (worn)
 u - +1 pearl dragon scales
 F - a scarf of shadows (worn)
 G - +5 steam dragon scales (worn)
 O - +0 fire dragon scales
 P - the +1 pair of boots "Feuduh" (worn) {Will++}
   (You found it on level 4 of the Spider Nest)

   It greatly increases your willpower.
Magical Staves
 b - a staff of earth
Jewellery
 x - a +4 ring of evasion (left hand)
 K - an amulet of reflection
 S - a +4 ring of evasion
 V - an amulet of magic regeneration (around neck)
 W - the ring "Otusim" (right hand) {Fly rPois Int+4 Dex+3}
   (You found it on level 4 of the Lair of Beasts)

   [ring of poison resistance]

   It affects your intelligence (+4).
   It affects your dexterity (+3).
   It protects you from poison.
   It grants you flight.
 X - a +6 ring of intelligence
 Z - a ring of fire
Wands
 d - a wand of charming (47)
 i - a wand of digging (2)
 s - a wand of paralysis (18)
 L - a wand of iceblast (42)
 M - a wand of polymorph (24)
 Q - a wand of flame (46)
 T - a wand of mindburst (13)
 Y - a wand of acid (51)
Scrolls
 c - 2 scrolls of blinking
 m - 4 scrolls of immolation
 r - 3 scrolls of fog
 v - 5 scrolls of teleportation {@r4}
 z - 9 scrolls of amnesia
 H - 29 scrolls of identify {@r1}
 I - 2 scrolls of enchant armour
 N - 3 scrolls of fear
 R - 5 scrolls of magic mapping
Potions
 f - 4 potions of attraction
 h - 9 potions of curing {@q1}
 l - 10 potions of flight
 o - 4 potions of haste {@q3}
 p - 8 potions of brilliance
 q - 7 potions of lignification
 t - a potion of berserk rage
 w - 10 potions of resistance
 y - 2 potions of magic
 A - 10 potions of ambrosia
 B - 2 potions of heal wounds {@q2}
 C - 7 potions of might
 D - 3 potions of invisibility
 E - 6 potions of mutation
Miscellaneous
 e - a piece from Xom's chessboard (15/15)
 j - a condenser vane
 U - a condenser vane


   Skills:
 - Level 16.5 Fighting
 * Level 8.5 Short Blades
 - Level 2.0 Armour
 - Level 13.6 Dodging
 - Level 4.8 Stealth
 - Level 4.2 Shields
 - Level 12.2 Spellcasting
 - Level 17.6 Conjurations
 - Level 19.3 Hexes
 - Level 5.5 Transmutations
 - Level 5.0 Ice Magic
 - Level 2.4 Air Magic
 - Level 15.5 Earth Magic
 - Level 3.0 Evocations


You had 5 spell levels left.
You knew the following spells:

 Your Spells              Type           Power      Damage    Failure   Level
a - Iron Shot             Conj/Erth      33%        9d7       1%          6
b - Discord               Hex            36%        N/A       7%          8
c - Yara's Violent Unrav  Hex/Tmut       28%        3d12      1%          5
d - Lehudib's Crystal Sp  Conj/Erth      33%        10d8      7%          8
e - Mephitic Cloud        Conj/Pois/Air  37%        N/A       1%          3
f - Invisibility          Hex            36%        N/A       1%          6
g - Irradiate             Conj/Tmut      27%        3d22      1%          5

Your spell library contained the following spells:

 Spells                   Type           Power      Damage    Failure   Level
 Fire Storm               Conj/Fire      22%        8d6       100%        9
 Polar Vortex             Ice            15%        N/A       100%        9
 Corona                   Hex            80%        N/A       0%          1
 Magic Dart               Conj           100%       1d8       0%          1
 Searing Ray              Conj           100%       3d7       0%          2
 Confusing Touch          Hex            72%        N/A       0%          3
 Dazzling Flash           Conj/Hex       100%       N/A       0%          3
 Tukima's Dance           Hex            72%        N/A       0%          3
 Cause Fear               Hex            36%        N/A       0%          4
 Fulminant Prism          Conj/Hex       35%        3d18      0%          4
 Leda's Liquefaction      Hex/Erth       34%        N/A       0%          4
 Beastly Appendage        Tmut           66%        N/A       1%          1
 Freeze                   Ice            100%       1d11      1%          1
 Sting                    Tmut/Pois      88%        1d7       1%          1
 Ensorcelled Hibernation  Hex/Ice        100%       N/A       1%          2
 Passwall                 Tmut/Erth      42%        N/A       1%          2
 Poisonous Vapours        Pois/Air       32%        N/A       1%          2
 Wereblood                Tmut           33%        N/A       1%          2
 Frozen Ramparts          Ice            62%        1d8       1%          3
 Ignite Poison            Fire/Tmut/Pois 18%        N/A       1%          3
 Ozocubu's Armour         Ice            31%        N/A       1%          3
 Animate Armour           Summ/Erth      82%        N/A       1%          4
 Hailstorm                Conj/Ice       53%        3d12      1%          4
 Iskenderun's Mystic Bla  Conj/Tloc      45%        2d10      1%          4
 Petrify                  Tmut/Erth      51%        N/A       1%          4
 Bolt of Magma            Conj/Fire/Erth 26%        4d12      1%          5
 Fireball                 Conj/Fire      22%        3d10      1%          5
 Iskenderun's Battlesphe  Conj           68%        2d12      1%          5
 Lee's Rapid Deconstruct  Erth           32%        3d17*     1%          5
 Metabolic Englaciation   Hex/Ice        28%        N/A       1%          5
 Silence                  Hex/Air        26%        N/A       1%          5
 Summon Mana Viper        Hex/Summ       49%        N/A       1%          5
 Spider Form              Tmut/Pois      11%        N/A       2%          3
 Animate Skeleton         Necr           22%        N/A       3%          1
 Apportation              Tloc           22%        N/A       3%          1
 Pain                     Necr           44%        1d6       3%          1
 Summon Small Mammal      Summ           44%        N/A       3%          1
 Swiftness                Air            21%        N/A       3%          3
 Ice Form                 Ice/Tmut       32%        N/A       3%          4
 Borgnjor's Vile Clutch   Necr/Erth      20%        N/A       3%          5
 Call Imp                 Summ           11%        N/A       4%          2
 Olgreb's Toxic Radiance  Pois           11%        N/A       9%          4
 Blade Hands              Tmut           16%        N/A       9%          5
 Call Canine Familiar     Summ           11%        N/A       10%         3
 Gell's Gravitas          Tloc           5%         N/A       10%         3
 Vampiric Draining        Necr           5%         2d6       10%         3
 Summon Ice Beast         Ice/Summ       21%        N/A       12%         4
 Animate Dead             Necr           5%         N/A       32%         4
 Passage of Golubria      Tloc           N/A        N/A       32%         4
 Agony                    Necr           11%        N/A       69%         5
 Summon Forest            Summ/Tloc      5%         N/A       69%         5
 Orb of Destruction       Conj           34%        9d12      1%          7
 Starburst                Conj/Fire      22%        8x6d8     3%          6
 Statue Form              Tmut/Erth      34%        N/A       6%          6
 Spellforged Servitor     Conj/Summ      22%        N/A       21%         7
 Shatter                  Erth           32%        3d26*     80%         9
 Dragon Form              Tmut           16%        N/A       97%         7
 Shadow Creatures         Summ           N/A        N/A       99%         6
 Storm Form               Tmut/Air       13%        N/A       99%         7
 Haunt                    Necr/Summ      5%         N/A       100%        7
 Malign Gateway           Summ/Tloc      5%         N/A       100%        7
 Monstrous Menagerie      Summ           5%         N/A       100%        7
 Summon Hydra             Summ           5%         N/A       100%        7
 Ignition                 Fire           5%         3d4       100%        8
 Summon Horrible Things   Summ           5%         N/A       100%        8


Dungeon Overview and Level Annotations

Branches:
Dungeon (15/15)            Temple (1/1) D:4            Lair (6/6) D:11
  Swamp (4/4) Lair:4       Spider (4/4) Lair:4        Slime (0/5) Lair:5
    Orc (2/2) D:11            Elf (3/3) Orc:2        Vaults (5/5) D:14
  Crypt (0/3) Vaults:3     Depths (5/5) D:15            Zot (0/5) Depths:5
Ossuary (visited)

Altars:
Cheibriados
Dithmenos
Elyvilon
Fedhas
Gozag
Hepliaklqana
Kikubaaqudgha
Makhleb
Nemelex Xobeh
Okawaru
Qazlal
Ru
Sif Muna
Trog
Uskayaw
Vehumet
Wu Jian
Xom
Yredelemnul
Zin
The Shining One
Beogh
Jiyva

Shops:
D:2 !   D:10 :   D:11 =[   D:14 ::   Orc:2 ([*=   Elf:1 :   Elf:3 :
Depths:1 [?   Depths:3 :=:

Portals:
Hell: Depths:1 Depths:2 Depths:3 Depths:4 Depths:5
Abyss: Depths:3 Depths:4
Pandemonium: Depths:3
Ziggurat: Depths:2

Annotations:
D:3 1 runed translucent door, exclusion: water moccasin, Crazy Yiuf, Grinder
Lair:1 exclusion: oklob plant
Spider:1 Asterion
Spider:2 2 transporters, Arachne; Qean Poi's ghost, adept MiFi; Qoqufel's ghost, journeyman GrFi
Orc:2 1 runed translucent door, arson's ghost, adept HOFi
Elf:2 5 runed translucent doors
Elf:3 exclusion: orange crystal statue
Vaults:3 Jory
Vaults:5 Mennas


Innate Abilities, Weirdness & Mutations

You have a pair of large antennae on your head. (SInv)
You are mostly covered in yellow scales. (AC +3)
A meltable icy envelope protects you from harm. (AC +4)
A meltable shield of frost defends you. (SH +4)
Spells you cast and wands you use may paralyse nearby enemies.
Your presence sometimes corrodes or deforms those you injure.
You are agile. (Dex +2)
You have an increased reservoir of magic. (+10% MP)
Your spells are a little easier to cast, but a little less powerful.


Message History

Confirm with . or Enter, or press ? or * to list all spells.
The white draconian shifter flies into a frenzy!
The shadow dragon resists with almost no effort.
The hell hog flies into a frenzy!
The ynoxinul easily resists.
Malevolent energies surge around you.
The dire elephant skeleton suddenly stops moving!
The ynoxinul dies!
Vehumet accepts your kill.
The green very ugly thing gurgles horribly!
The white draconian shifter hits something with a +0 rapier.
The hell hog closely misses the shadow dragon.
Something hits the white draconian shifter.
A green very ugly thing comes into view.
The white draconian shifter hits something with a +0 rapier!!
You hear a shout!
Casting: Discord (dangerous; 7% risk of failure)
Confirm with . or Enter, or press ? or * to list all spells.
Aiming: Yara's Violent Unravelling (safe; 1% risk of failure)
Press: ? - help, Shift-Dir - straight line, f - green very ugly thing
Aim: a green very ugly thing (severely wounded, fast, strong, frenzied and insane, 100% to hit)
Okay, then.
The hell hog bites the shadow dragon.
The shadow dragon breathes negative energy at you.
The bolt of negative energy hits you!!!
You feel drained.
* * * LOW HITPOINT WARNING * * *
The green very ugly thing misses you.
The hell hog bites the dire elephant skeleton!
The white draconian shifter hits something with a +0 rapier!!
The green very ugly thing claws you!
* * * LOW HITPOINT WARNING * * *
The hell hog bites the dire elephant skeleton!
The white draconian shifter barely misses something.
The searing blast hits the white draconian shifter!!
A searing blast appears from out of your range of vision.
You block the shadow dragon's attack.
The shadow dragon claws you but does no damage.
The shadow dragon completely misses you.
The dire elephant skeleton tramples the hell hog!!
The green very ugly thing claws you!!
You die...

. x { . . {{ { . .
{ { ..# .{ {### .
.# #q# +φ+ #.#
.... ####### ....
{....Z#.u...#[....
#. #
...uhD@.©q.).5...
.§...#.....#.. ..
# . #
{.....####### ....
# . # .... #####
... ..## ####
##©.©## # .# #
##...## . . # #§#
.##..# . . . ..
##. ..∩# # ##_. .
.


You could see a shadow dragon (catching breath), a white draconian knight
(invisible), a green very ugly thing, a dire elephant skeleton, a neutral green
very ugly thing (fast, strong, insane), a neutral white draconian shifter (fast,
strong, insane) and a neutral hell hog (insane).

Vanquished Creatures
  2 juggernauts
  Bai Suzhen (Spider:4)
  Frederick (Vaults:2)
  2 golden dragons
  2 bone dragons (Depths:5)
  3 tentacled monstrosities
  2 liches
  4 quicksilver dragons
  2 titans
  3 sphinxes (Vaults:5)
  Frances (D:14)
  4 tengu reavers
  Agnes (D:14)
  4 shadow dragons
  4 storm dragons
  A thorn hunter (Swamp:4)
  A draconian monk (Depths:5)
  Donald (Lair:4)
  Roxanne (Spider:1)
  A draconian knight (Depths:5)
  7 frost giants
  10 fire giants
  Louise (Swamp:1)
  Aizul (Lair:4)
  A balrug (Depths:1)
  A curse skull (Vaults:3)
  An orc warlord (Orc:2)
  8 vault wardens
  2 deep elf elementalists (Elf:3)
  7 emperor scorpions
  A ghost moth (Spider:4)
  A ghoul (D:14)
  4 very ugly things
  5 deep elf sorcerers
  25 stone giants
  9 ironbound preservers
  A juggernaut skeleton (Depths:1)
  A vampire knight (Depths:3)
  5 war gargoyles
  An entropy weaver (shapeshifter) (Vaults:5)
  7 dire elephants
  A green draconian (Depths:5)
  5 bunyips
  4 entropy weavers
  7 spark wasps
  A yellow draconian (Abyss:3)
  A deep elf annihilator (Elf:3)
  A spark wasp (shapeshifter) (Vaults:5)
  A deep elf death mage (Elf:3)
  15 ettins
  7 yaktaur captains
  4 eleionomae
  A great orb of eyes (Depths:5)
  7 fire dragons
  2 merfolk impalers (Depths:1)
  2 shambling mangroves (Swamp:4)
  Harold (D:9)
  6 ironbound frosthearts
  5 vault guards
  3 rakshasas
  5 ice dragons
  26 hydras
  9 centaur warriors
  9 boulder beetles
  A catoblepas (D:13)
  4 ironbound thunderhulks
  3 harpies
  2 ghost crabs
  A death knight (D:14)
  4 two-headed ogres
  18 dancing weapons
  9 alligators
  2 tengu warriors
  Urug (D:11)
  4 orc high priests (Orc:2)
  6 ironbound beastmasters
  11 death yaks (Lair:4)
  2 hell hogs (Depths:1)
  6 deep troll earth magi
  A vampire mage (Depths:5)
  3 hell knights
  4 spriggan berserkers
  Nergalle (Orc:1)
  Sonja (Lair:2)
  A fire crab (Lair:6)
  4 iron trolls
  16 deep elf knights
  A spatial maelstrom (Abyss:2)
  2 death drakes (Depths:4)
  2 wretched stars (Abyss:3)
  A skeletal warrior (D:14)
  5 spriggan druids
  A flayed ghost (Depths:4)
  7 goliath frogs
  A storm dragon skeleton (Depths:1)
  6 bog bodies
  20 deep trolls
  3 phantasmal warriors
  6 lindwurms
  5 swamp dragons
  7 wizards
  An orange crystal statue (Depths:1)
  2 glowing orange brains
  A lindwurm (shapeshifter) (Vaults:5)
  14 deep elf archers
  32 deep elf pyromancers
  34 deep elf zephyrmancers
  6 necromancers
  7 ironbound convokers
  2 wolf spider zombies (D:14)
  4 orc sorcerers
  23 ugly things
  6 orc knights (Orc:2)
  A manticore (shapeshifter) (Depths:4)
  A mana viper (shapeshifter) (Vaults:5)
  7 cyclopes
  19 orb spiders
  A fire giant zombie (Depths:2)
  2 manticores
  23 slime creatures
  2 salamanders
  21 wolf spiders
  A fire giant skeleton (Depths:2)
  A draconian (Abyss:3)
  3 vault sentinels
  8 black mambas
  An elephant (Lair:3)
  A moth of wrath (Spider:4)
  3 spriggan zombies (Depths:2)
  A naga mage (Vaults:3)
  Joseph (Lair:1)
  3 torpor snails
  22 cane toads
  3 rime drakes
  A stone giant skeleton (Vaults:2)
  3 gargoyles
  7 komodo dragons
  3 unseen horrors
  2 human zombies
  Maggie (D:8)
  2 tengu conjurers
  A yaktaur skeleton (Vaults:2)
  An efreet (D:13)
  12 yaktaurs
  16 demonic crawlers
  A bloated husk (Swamp:4)
  A guardian mummy (D:14)
  2 trolls
  35 jumping spiders
  3 meliai (Spider:2)
  A tengu simulacrum (Depths:2)
  4 polar bears
  An ice beast (Vaults:4)
  11 hornets
  5 dream sheep (Lair:6)
  5 tyrant leeches
  A raiju (shapeshifter) (D:14)
  19 blink frogs
  2 fire giant simulacra
  4 water elementals
  2 air elementals (Elf:1)
  2 shadows
  4 wraiths
  Sigmund (D:3)
  18 spriggans
  17 tarantellas
  4 wyverns
  53 redbacks
  An elf simulacrum (Vaults:4)
  A spriggan skeleton (Depths:2)
  67 yaks
  4 basilisks
  A fire elemental (Elf:3)
  4 steam dragons
  13 vampire mosquitoes
  2 wargs (Orc:2)
  12 swamp worms
  An acid dragon (D:12)
  24 water moccasins
  2 spatial vortices (Abyss:2)
  A floating eye (Depths:2)
  A water moccasin (shapeshifter) (Vaults:5)
  7 swamp drakes
  7 black bears
  32 orc warriors
  4 boggarts
  5 centaurs
  38 wolves
  8 ogres
  3 kobold brigands
  A gnoll sergeant (D:11)
  18 bullfrogs
  3 earth elementals
  5 scorpions
  A hornet simulacrum (D:14)
  A water moccasin skeleton (D:6)
  8 killer bees
  4 electric eels
  7 centaur zombies
  7 howler monkeys
  A lava snake (D:10)
  3 human simulacra
  2 hounds
  A jelly (D:5)
  20 orc priests
  A bullfrog skeleton (D:7)
  An iguana (D:5)
  23 orc wizards
  A statue (Depths:2)
  A killer bee zombie (D:4)
  10 mummies
  A howler monkey zombie (D:7)
  4 gnolls (D:11)
  A howler monkey skeleton (D:6)
  4 adders
  A river rat (D:6)
  3 shadow imps
  2 ufetubi
  6 worms
  5 dart slugs
  63 orcs
  3 bats
  11 endoplasms
  6 giant cockroaches
  4 hobgoblins
  4 jackals (D:2)
  5 quokkas
  7 ball pythons
  4 frilled lizards
  2 gnoll zombies (Ossuary)
  9 goblins
  A hobgoblin zombie (Ossuary)
  21 kobolds
  A kobold zombie (Ossuary)
  4 orc zombies (Ossuary)
  A quokka skeleton (D:4)
  12 rats
  A spectral orc (Depths:3)
1480 creatures vanquished.

Vanquished Creatures (collateral kills)
  An ancient lich (Vaults:5)
  A golden dragon (Depths:5)
  A tentacled monstrosity (Depths:3)
  A lich (Depths:3)
  A quicksilver dragon (Vaults:5)
  A titan (Depths:3)
  2 sphinxes
  A shadow dragon (Vaults:5)
  2 storm dragons
  A tengu reaver (Depths:5)
  2 frost giants
  2 fire giants (Vaults:5)
  An iron dragon (Vaults:5)
  5 vault wardens
  7 very ugly things
  6 ironbound preservers
  A spriggan defender (Depths:3)
  2 stone giants
  An entropy weaver (Vaults:2)
  A white draconian (Depths:5)
  A yellow draconian (Depths:5)
  A red draconian (Depths:5)
  3 spark wasps (Depths:1)
  2 dire elephants (Vaults:4)
  A crystal guardian (Vaults:2)
  2 ettins
  A merfolk impaler (Depths:1)
  4 great orbs of eyes
  7 yaktaur captains
  2 peacekeepers
  17 vault guards
  5 centaur warriors (Vaults:1)
  A rakshasa (Depths:3)
  5 ironbound frosthearts
  2 vampire magi
  5 deep troll shamans
  A tengu warrior (Depths:4)
  3 deep troll earth magi
  A spriggan berserker (Depths:4)
  3 hell knights (Depths:5)
  2 spriggans
  6 iron trolls
  A fire crab (D:10)
  22 deep trolls
  A goliath frog (shapeshifter) (Vaults:5)
  12 ironbound convokers
  2 spriggan druids
  4 wizards
  A flayed ghost (Depths:2)
  An orange crystal statue (Depths:3)
  3 swamp dragons (Swamp:4)
  A phantasmal warrior (Vaults:5)
  An orc knight (Vaults:5)
  A lindwurm (Vaults:2)
  4 necromancers
  16 ugly things
  6 vault sentinels
  2 naga magi (Vaults:3)
  3 freezing wraiths (Vaults:5)
  11 yaktaurs
  A bloated husk (Swamp:2)
  A hornet (Depths:3)
  A slime creature (Vaults:1)
  3 jumping spiders
  2 redbacks
  A water elemental (Depths:1)
  A ynoxinul (Abyss:3)
  A vampire mosquito (Swamp:2)
  3 swamp worms
  2 swamp drakes (Swamp:4)
  2 orc warriors (Vaults:5)
  An adder (D:4)
  2 orcs (Vaults:5)
  A bat (D:3)
  A goblin (D:3)
  A hobgoblin (D:3)
231 creatures vanquished.

Vanquished Creatures (others)
  2 shadow dragons
  2 draconian monks
  A deep elf sorcerer (Elf:1)
  3 vault wardens
  A green draconian (Depths:5)
  A stone giant (Vaults:5)
  A white draconian (Depths:5)
  An eleionoma (Swamp:4)
  2 fire dragons
  2 ice dragons (Depths:4)
  A great orb of eyes (Vaults:2)
  8 vault guards
  A spriggan air mage (Depths:3)
  A centaur warrior (Vaults:1)
  A dancing weapon (Elf:1)
  3 deep troll earth magi
  A deep troll shaman (Depths:2)
  2 ironbound beastmasters (Vaults:4)
  A hell knight (Depths:5)
  2 deep elf knights (Elf:1)
  A goliath frog (Swamp:2)
  2 harpies (Vaults:2)
  5 yaktaurs
  6 deep trolls
  A swamp dragon (Swamp:2)
  A flayed ghost (Depths:3)
  A lindwurm (Swamp:4)
  A deep elf pyromancer (Elf:1)
  An ironbound convoker (Vaults:3)
  A deep elf zephyrmancer (Elf:2)
  2 wizards
  A necromancer (Vaults:2)
  An ugly thing (Depths:3)
  A komodo dragon (D:12)
  A bloated husk (Swamp:4)
  A hornet (Depths:5)
  A spriggan (Depths:5)
  A tarantella (Spider:1)
  4 redbacks
  A water elemental (Elf:1)
  3 vampire mosquitoes
  A swamp worm (Swamp:2)
  An orc warrior (Orc:2)
  An ogre (D:4)
  A lava snake (D:10)
  2 orc wizards (Orc:2)
  An orc (Orc:2)
  30 fungi
  93 plants
  2 starspawn tentacles (Abyss:2)
206 creatures vanquished.

Grand Total: 1917 creatures vanquished

Notes
Turn   | Place    | Note
-------+----------+-------------------------------------------
     0 | D:1      | freelancePsychic the Demonspawn Artificer began the quest
                  | for the Orb.
     0 | D:1      | Reached XP level 1. HP: 15/15 MP: 1/1
    21 | D:1      | Reached skill level 1 in Dodging
   490 | D:1      | Gained mutation: Spells you cast may paralyse adjacent
                  | enemies. [demonic ancestry]
   490 | D:1      | Reached XP level 2. HP: 21/21 MP: 2/2
   594 | D:1      | Found a faded altar of an unknown god.
   780 | D:1      | Reached skill level 1 in Short Blades
  1245 | D:2      | Reached skill level 1 in Stealth
  1532 | D:2      | Reached XP level 3. HP: 23/26 MP: 3/3
  2132 | D:2      | Found Voaw's Distillery.
  2312 | D:3      | Noticed Sigmund
  2838 | D:3      | Reached XP level 4. HP: 30/32 MP: 4/4
  3085 | D:3      | Noticed a water moccasin
  3222 | D:3      | Killed Sigmund
  3223 | D:3      | Gained mutation: Spells you cast may paralyse nearby
                  | enemies. [demonic ancestry]
  3223 | D:3      | Reached XP level 5. HP: 19/37 MP: 5/5
  3420 | D:3      | Noticed Grinder
  3706 | D:3      | Found a runed translucent door.
  3707 | D:3      | Noticed Crazy Yiuf
  4173 | D:4      | Noticed an ogre
  4441 | D:5      | Entered Level 5 of the Dungeon
  4666 | D:4      | Found a staircase to the Ecumenical Temple.
  4676 | Temple   | Entered the Ecumenical Temple
  4749 | Temple   | Became a worshipper of Vehumet
  4754 | Temple   | Learned a level 3 spell: Frozen Ramparts
  4980 | D:4      | Noticed an ogre
  5029 | D:4      | Killed an ogre
  5030 | D:4      | Reached skill level 1 in Spellcasting
  5030 | D:4      | Reached skill level 1 in Ice Magic
  5030 | D:4      | Reached XP level 6. HP: 43/43 MP: 5/7
  5131 | D:4      | Found a shadowy altar of Dithmenos.
  5455 | D:5      | Identified the +2 short sword "Enamal" {drain, rC+ rN+
                  | Str-5 Stlth+}
  5851 | D:5      | Reached skill level 1 in Shields
  5863 | D:5      | Identified the +3 rapier of Reliobrifo {vorpal, Str+2}
  5881 | D:5      | Noticed a water moccasin
  5900 | D:5      | Killed a water moccasin
  5901 | D:5      | Gained mutation: A meltable shield of frost defends you.
                  | (SH +4) [demonic ancestry]
  5901 | D:5      | Reached XP level 7. HP: 28/48 MP: 0/10
  6141 | D:5      | Found an ornate altar of the Wu Jian Council.
  6141 | D:5      | Found a snail-covered altar of Cheibriados.
  6586 | D:6      | Noticed a troll
  6627 | D:6      | Noticed a steam dragon
  6673 | D:6      | HP: 2/48 [troll (17)]
  7139 | D:6      | Found a glowing drain.
  7202 | D:6      | Killed a troll
  7203 | D:6      | Gained mutation: You are partially covered in yellow
                  | scales. (AC +2) [demonic ancestry]
  7203 | D:6      | Reached XP level 8. HP: 14/54 MP: 4/13
  7526 | D:6      | Learned a level 3 spell: Ozocubu's Armour
  7984 | D:7      | Reached * piety under Vehumet
  7984 | D:7      | Offered knowledge of Magic Dart by Vehumet.
  8022 | D:7      | Found a sand-covered staircase.
  8084 | Ossuary  | Entered an ossuary
  9017 | D:7      | Reached skill level 5 in Ice Magic
  9146 | D:7      | Noticed a +0 falchion
  9146 | D:7      | Noticed a +0 falchion
  9146 | D:7      | Noticed a +0 spear
  9146 | D:7      | Noticed a +0 dagger
  9147 | D:7      | Noticed a +0 short sword
  9148 | D:7      | Noticed a +0 dagger
  9149 | D:7      | Found a hide-covered altar of Uskayaw.
  9149 | D:7      | Noticed a +0 spear
  9149 | D:7      | Noticed a +0 short sword
  9175 | D:7      | Reached skill level 1 in Conjurations
  9586 | D:8      | Gained mutation: A meltable icy envelope protects you from
                  | harm. (AC +4) [demonic ancestry]
  9586 | D:8      | Reached XP level 9. HP: 66/66 MP: 11/15
  9589 | D:8      | Reached ** piety under Vehumet
  9589 | D:8      | Offered knowledge of Shock by Vehumet.
  9592 | D:8      | Noticed a two-headed ogre
  9602 | D:8      | Killed a two-headed ogre
  9603 | D:8      | Reached skill level 5 in Fighting
  9704 | D:8      | Found a stormy altar of Qazlal.
  9736 | D:8      | Reached skill level 5 in Conjurations
  9794 | D:8      | Noticed a moth of wrath
  9803 | D:8      | Found a bloodstained altar of Trog.
  9848 | D:8      | Identified the +0 kite shield of Amorality {rC++}
 10013 | D:8      | Noticed Maggie
 10032 | D:8      | Killed Maggie
 10480 | D:9      | Reached XP level 10. HP: 79/79 MP: 13/16
 10633 | D:9      | Noticed Harold
 10641 | D:9      | Offered knowledge of Mephitic Cloud by Vehumet.
 10680 | D:9      | Killed Harold
 11092 | D:9      | Learned a level 3 spell: Mephitic Cloud
 11257 | D:10     | Entered Level 10 of the Dungeon
 11366 | D:10     | Reached skill level 1 in Air Magic
 11417 | D:10     | Found a runed translucent door.
 11480 | D:10     | Reached *** piety under Vehumet
 11481 | D:10     | Reached skill level 5 in Dodging
 11607 | D:10     | Noticed a two-headed ogre
 11622 | D:10     | Killed a two-headed ogre
 11769 | D:10     | Found a shimmering altar of Xom.
 11806 | D:10     | Found Jebbod's Book Shop.
 12034 | D:10     | Noticed a two-headed ogre
 12044 | D:10     | Killed a two-headed ogre
 12045 | D:10     | Reached XP level 11. HP: 84/84 MP: 17/17
 12302 | D:10     | Offered knowledge of Olgreb's Toxic Radiance by Vehumet.
 12312 | D:10     | Reached skill level 5 in Spellcasting
 12895 | D:10     | Noticed a fire crab
 12897 | D:10     | Noticed a fire crab
 12906 | D:10     | Killed a fire crab
 13263 | D:11     | Found Piugy's Jewellery Emporium.
 13263 | D:11     | Noticed a two-headed ogre
 13278 | D:11     | Noticed Urug
 13280 | D:11     | Killed a two-headed ogre
 13297 | D:11     | Killed Urug
 13368 | D:11     | Reached skill level 1 in Earth Magic
 13425 | D:11     | Found a sacrificial altar of Ru.
 13445 | D:11     | Reached **** piety under Vehumet
 13457 | D:11     | Offered knowledge of Inner Flame by Vehumet.
 13485 | D:11     | Found a staircase to the Lair.
 13499 | D:11     | Found a staircase to the Orcish Mines.
 13725 | D:11     | Found Vumydel's Armour Emporium.
 13766 | D:11     | Identified a scroll of acquirement
 13767 | D:11     | Acquired the +8 quick blade of Pianem {freeze, +Blink rPois
                  | Will+ SInv}
 14231 | Lair:1   | Entered Level 1 of the Lair of Beasts
 14264 | Lair:1   | Gained mutation: You have a pair of small antennae on your
                  | head. [demonic ancestry]
 14264 | Lair:1   | Reached XP level 12. HP: 73/91 MP: 20/20
 14487 | Lair:1   | Reached ***** piety under Vehumet
 14487 | Lair:1   | Offered knowledge of Yara's Violent Unravelling by Vehumet.
 14488 | Lair:1   | Reached skill level 5 in Short Blades
 14493 | Lair:1   | Reached skill level 5 in Earth Magic
 14596 | Lair:1   | Reached skill level 1 in Hexes
 14607 | Lair:1   | Reached skill level 1 in Transmutations
 14717 | Lair:1   | Reached skill level 2 in Hexes
 14831 | Lair:1   | Noticed Joseph
 14879 | Lair:1   | Reached skill level 3 in Hexes
 14879 | Lair:1   | Killed Joseph
 14886 | Lair:1   | Learned a level 5 spell: Yara's Violent Unravelling
 15460 | Lair:2   | Reached skill level 4 in Hexes
 15617 | Lair:2   | Noticed Sonja
 15879 | Lair:2   | Noticed an eight-headed hydra
 15892 | Lair:2   | Killed an eight-headed hydra
 16125 | Lair:2   | Reached skill level 5 in Hexes
 16240 | Lair:2   | Killed Sonja
 16468 | Lair:2   | Reached skill level 5 in Transmutations
 16647 | Lair:3   | Noticed a five-headed hydra
 16678 | Lair:3   | Killed a five-headed hydra
 16929 | Lair:3   | Identified the +2 ring mail of Yesterday {*Slow rPois
                  | Str+4}
 17041 | Lair:3   | Reached skill level 6 in Hexes
 17324 | Lair:3   | Noticed an eight-headed hydra
 17338 | Lair:3   | Killed an eight-headed hydra
 17504 | Lair:3   | Gained mutation: You have a pair of antennae on your head.
                  | [demonic ancestry]
 17504 | Lair:3   | Reached XP level 13. HP: 96/96 MP: 21/21
 17509 | Lair:3   | Reached skill level 7 in Hexes
 17684 | Lair:3   | Reached skill level 8 in Hexes
 18376 | Lair:3   | Reached skill level 9 in Hexes
 18516 | Lair:3   | Learned a level 5 spell: Irradiate
 18676 | Lair:4   | You fall into a shaft and drop 1 floor!
 18780 | Lair:4   | Reached skill level 10 in Hexes
 18912 | Lair:4   | Offered knowledge of Eringya's Noxious Bog by Vehumet.
 18971 | Lair:4   | Reached skill level 11 in Hexes
 19136 | Lair:4   | Reached skill level 12 in Hexes
 19217 | Lair:4   | Found a hole to the Spider Nest.
 19455 | Lair:4   | Found a runed translucent door.
 19500 | Lair:4   | Found a staircase to the Swamp.
 19837 | Lair:4   | Identified the ring "Otusim" {Fly rPois Int+4 Dex+3}
 20177 | Lair:5   | Reached XP level 14. HP: 103/103 MP: 21/23
 20369 | Lair:5   | Learned a level 6 spell: Invisibility
 20795 | Lair:5   | Found a viscous altar of Jiyva.
 20795 | Lair:5   | Found a staircase to the Slime Pits.
 21374 | Lair:6   | Entered Level 6 of the Lair of Beasts
 22100 | Lair:6   | Offered knowledge of Spellforged Servitor by Vehumet.
 23160 | Orc:1    | Entered Level 1 of the Orcish Mines
 23160 | Orc:1    | Noticed Nergalle
 23168 | Orc:1    | Killed Nergalle
 23356 | Orc:2    | Entered Level 2 of the Orcish Mines
 23356 | Orc:2    | Found a staircase to the Elven Halls.
 24237 | Orc:2    | Reached ****** piety under Vehumet
 24251 | Orc:2    | Reached XP level 15. HP: 115/115 MP: 22/25
 24261 | Orc:2    | Offered knowledge of Starburst by Vehumet.
 24288 | Orc:2    | Noticed an orc warlord
 24301 | Orc:2    | Reached skill level 10 in Fighting
 24671 | Orc:2    | Killed an orc warlord
 24672 | Orc:2    | Reached skill level 10 in Dodging
 24839 | Orc:2    | Found Fyelin's General Store.
 24840 | Orc:2    | Found Vegut's Jewellery Boutique.
 24841 | Orc:2    | Found Ziohauth's Antique Armour Shop.
 24841 | Orc:2    | Found Wofohupemp's Antique Weapon Shop.
 24934 | Orc:2    | Found a runed translucent door.
 24937 | Orc:2    | Found a shimmering altar of Xom.
 24937 | Orc:2    | Noticed arson's ghost (adept HOFi)
 24938 | Orc:2    | Identified the +6 scythe of Tumpuada {chaos, +Rage rN+
                  | SInv}
 25049 | Orc:2    | Bought a scroll of enchant armour for 90 gold pieces
 25121 | Elf:1    | Entered Level 1 of the Elven Halls
 25159 | Elf:1    | Found a radiant altar of Vehumet.
 25167 | Elf:1    | Paralysed by an air elemental for 1 turns
 25199 | Elf:1    | Noticed a deep elf sorcerer
 25394 | Elf:1    | Killed a deep elf sorcerer
 25395 | Elf:1    | Reached skill level 10 in Conjurations
 26092 | Elf:1    | Found Suturama's Book Shop.
 26229 | Elf:1    | Bought a book of Hexes for 550 gold pieces
 26376 | Elf:1    | Paralysed by an air elemental for 1 turns
 26378 | Elf:1    | Paralysed by an air elemental for 1 turns
 26380 | Elf:1    | Paralysed by an air elemental for 1 turns
 26402 | Elf:1    | Noticed a deep elf sorcerer
 26408 | Elf:1    | Killed a deep elf sorcerer
 26408 | Elf:1    | Offered knowledge of Bolt of Magma by Vehumet.
 26727 | Elf:1    | Learned a level 5 spell: Bolt of Magma
 27104 | Elf:1    | Reached XP level 16. HP: 61/123 MP: 23/28
 28509 | Elf:2    | Reached skill level 13 in Hexes
 28590 | Elf:2    | Reached skill level 10 in Spellcasting
 28613 | Elf:2    | Found a huge runed translucent gate.
 28613 | Elf:2    | Found a huge runed translucent gate.
 28613 | Elf:2    | Found a huge runed translucent gate.
 28613 | Elf:2    | Found a huge runed translucent gate.
 28613 | Elf:2    | Found a huge runed translucent gate.
 28942 | Elf:3    | Entered Level 3 of the Elven Halls
 29224 | Elf:3    | Found Puish's Book Boutique.
 29238 | Elf:3    | Bought a book of the Earth for 975 gold pieces
 29325 | Elf:3    | Offered knowledge of Freezing Cloud by Vehumet.
 30303 | Elf:2    | Learned a level 6 spell: Iron Shot
 32601 | D:14     | Noticed Agnes
 32605 | D:14     | Killed Agnes
 32606 | D:14     | Gained mutation: You are mostly covered in yellow scales.
                  | (AC +3) [demonic ancestry]
 32606 | D:14     | Reached XP level 17. HP: 129/129 MP: 14/31
 32725 | D:14     | Found Ofonaywoin's Self-Improvement Boutique.
 32739 | D:14     | Reached skill level 10 in Earth Magic
 32846 | D:14     | Found a gate to the Vaults.
 33102 | D:14     | Found Josaziumn's Book Emporium.
 33200 | D:14     | Noticed Frances
 33205 | D:14     | Killed Frances
 33708 | D:15     | Entered Level 15 of the Dungeon
 33996 | D:15     | Offered knowledge of Ozocubu's Refrigeration by Vehumet.
 34428 | D:15     | Found a staircase to the Depths.
 34777 | Spider:1 | Entered Level 1 of the Spider Nest
 34777 | Spider:1 | Noticed Roxanne
 34779 | Spider:1 | Noticed Aizul
 34810 | Spider:1 | Killed Roxanne
 35252 | Lair:4   | Killed Aizul
 35441 | Spider:1 | Noticed Donald
 35459 | Lair:4   | Killed Donald
 36103 | Spider:1 | Noticed Asterion
 36164 | Spider:2 | Reached skill level 14 in Hexes
 36570 | Spider:2 | Identified the +3 flail "Inuuleosch" {elec, Drain +Rage
                  | Int+3}
 37159 | Spider:2 | Found a transporter.
 37278 | Spider:2 | Found a transporter.
 37291 | Spider:2 | Noticed Qoqufel's ghost (journeyman GrFi)
 37314 | Spider:2 | Noticed Qean Poi's ghost (adept MiFi)
 37376 | Spider:2 | Reached skill level 15 in Hexes
 37388 | Spider:2 | Offered knowledge of Lehudib's Crystal Spear by Vehumet.
 37388 | Spider:2 | Offered knowledge of Fire Storm by Vehumet.
 37388 | Spider:2 | Offered knowledge of Polar Vortex by Vehumet.
 37613 | Spider:2 | Noticed Arachne
 38598 | Spider:4 | Entered Level 4 of the Spider Nest
 38783 | Spider:4 | Reached skill level 16 in Hexes
 39057 | Spider:4 | Gained mutation: You have a pair of large antennae on your
                  | head. (SInv) [demonic ancestry]
 39057 | Spider:4 | Reached XP level 18. HP: 132/136 MP: 25/32
 39160 | Spider:4 | Gained mutation: Your spells are a little easier to cast,
                  | but a little less powerful. [mutagenic glow]
 39540 | Spider:3 | Lost mutation: Your spells are a little easier to cast, but
                  | a little less powerful. [potion of mutation]
 39540 | Spider:3 | Gained mutation: You are dopey. (Int -2) [potion of
                  | mutation]
 39540 | Spider:3 | Gained mutation: You have an increased reservoir of magic.
                  | (+10% MP) [potion of mutation]
 39540 | Spider:3 | Gained mutation: You sometimes lose the ability to read
                  | scrolls when taking damage. [potion of mutation]
 39541 | Spider:3 | Lost mutation: You sometimes lose the ability to read
                  | scrolls when taking damage. [potion of mutation]
 39541 | Spider:3 | Lost mutation: You are dopey. (Int -2) [potion of mutation]
 39541 | Spider:3 | Gained mutation: You are agile. (Dex +2) [potion of
                  | mutation]
 39541 | Spider:3 | Gained mutation: You evolve. [potion of mutation]
 39552 | Spider:3 | Learned a level 8 spell: Discord
 39802 | Spider:4 | Identified the +1 pair of boots "Feuduh" {Will++}
 39821 | Spider:4 | Noticed Bai Suzhen
 39830 | Spider:4 | Killed Bai Suzhen
 40009 | Spider:4 | Reached skill level 17 in Hexes
 40820 | Spider:4 | Got a gossamer rune of Zot
 40974 | Swamp:1  | Entered Level 1 of the Swamp
 41769 | Swamp:1  | Noticed Louise
 41786 | Swamp:1  | Killed Louise
 41908 | Swamp:2  | Reached skill level 18 in Hexes
 41995 | Swamp:2  | Identified the +3 mace of Hepliaklqana's Fury {drain,
                  | rPois}
 43576 | Swamp:4  | Entered Level 4 of the Swamp
 43988 | Swamp:4  | Lost mutation: You evolve. [evolution]
 44178 | Swamp:4  | Gained mutation: Spells you cast and wands you use may
                  | paralyse nearby enemies. [demonic ancestry]
 44178 | Swamp:4  | Reached XP level 19. HP: 103/143 MP: 23/37
 44483 | Swamp:4  | Got a decaying rune of Zot
 45732 | Vaults:1 | Entered Level 1 of the Vaults
 46024 | Vaults:1 | Gained mutation: Your spells are a little easier to cast,
                  | but a little less powerful. [mutagenic glow]
 46201 | Vaults:1 | Reached skill level 19 in Hexes
 49195 | Vaults:2 | Noticed Frederick
 49299 | Vaults:2 | Killed Frederick
 49569 | Vaults:2 | Learned a level 8 spell: Lehudib's Crystal Spear
 49812 | Vaults:2 | Gained mutation: Your presence sometimes corrodes those you
                  | injure. [demonic ancestry]
 49812 | Vaults:2 | Reached XP level 20. HP: 116/151 MP: 17/39
 50251 | Vaults:3 | Found a staircase to the Crypt.
 50647 | Vaults:3 | Found a radiant altar of Vehumet.
 50662 | Vaults:3 | Identified the +1 robe "Pidgh" {rCorr}
 50750 | Vaults:3 | Identified the +0 robe of Lugonu's Indignation {rN+ Str-4
                  | Stlth+}
 51179 | Vaults:3 | Noticed Jory
 51405 | Vaults:3 | Acquired 1181 gold pieces
 51665 | Orc:2    | Bought shiny pearl dragon scales for 3063 gold pieces
 55334 | Vaults:5 | Entered Level 5 of the Vaults
 55340 | Vaults:5 | Reached skill level 15 in Conjurations
 55786 | Vaults:5 | Noticed Mennas
 55873 | Vaults:5 | Noticed an ancient lich
 56131 | Vaults:5 | Noticed a golden dragon
 56158 | Vaults:5 | Found the +8 orange crystal plate armour {Archmagi, Int+3
                  | Clar}
 56354 | Vaults:5 | Reached XP level 21. HP: 114/156 MP: 17/40
 56363 | Vaults:5 | Noticed an ancient lich
 56370 | Vaults:5 | Killed an ancient lich
 56425 | Vaults:5 | Identified the amulet "Daxulleb" {Spirit Will++}
 56653 | Vaults:5 | Identified the +8 quarterstaff of Youthful Indiscretion
                  | {freeze, Int+2}
 57123 | Vaults:5 | Killed a golden dragon
 57351 | Vaults:5 | Identified the amulet of Wu Jian's Grace {Reflect Contam
                  | Regen+ Str+10 Dex-4 SH+5}
 58464 | Vaults:5 | Noticed an ancient lich
 58806 | Depths:1 | Entered Level 1 of the Depths
 59089 | Depths:1 | Found Zaosi's Magic Scroll Shop.
 59089 | Depths:1 | Found Niujep's Armour Boutique.
 59933 | Depths:1 | Found a gateway to Hell.
 60177 | Depths:1 | Upgraded the game from 0.27-a0-1319-geec4fb4e21 to
                  | 0.27-a0-1322-gfdffb62a71
 60824 | Depths:1 | Identified the +0 robe "Xiytibir" {Int+4 Dex+3}
 61128 | Depths:1 | Found an ornate altar of the Wu Jian Council.
 62088 | Depths:2 | Found a gateway to a ziggurat.
 62135 | Depths:2 | Found a radiant altar of Vehumet.
 62533 | Depths:2 | Found a sparkling altar of Nemelex Xobeh.
 63205 | Depths:3 | Found a one-way gate leading to the halls of Pandemonium.
 63347 | Depths:3 | Gained mutation: Your presence sometimes corrodes or
                  | deforms those you injure. [demonic ancestry]
 63347 | Depths:3 | Reached XP level 22. HP: 170/170 MP: 26/42
 63669 | Depths:3 | Found a basalt altar of Yredelemnul.
 63900 | Depths:3 | Found Joulecs's Book Shop.
 63900 | Depths:3 | Found Xall's Jewellery Emporium.
 63901 | Depths:3 | Found Coral's Book Shop.
 64192 | Depths:3 | Found a one-way gate to the infinite horrors of the Abyss.
 64469 | Depths:3 | Found a runed translucent door.
 64838 | Depths:3 | Found a runed translucent door.
 65972 | Depths:4 | Noticed a juggernaut
 66987 | Depths:3 | Killed a juggernaut
 67326 | Depths:4 | Noticed a juggernaut
 67786 | Depths:4 | Noticed a golden dragon
 67821 | Depths:4 | Killed a golden dragon
 68287 | Depths:4 | Reached skill level 15 in Fighting
 68827 | Depths:4 | Killed a juggernaut
 68830 | Depths:4 | Reached skill level 15 in Earth Magic
 69807 | Depths:5 | Entered Level 5 of the Depths
 69930 | Depths:5 | Found a shimmering altar of Xom.
 70084 | Depths:5 | Reached XP level 23. HP: 183/183 MP: 32/43
 70467 | Depths:5 | Found a gate to the Realm of Zot.
 71279 | Depths:5 | Identified the Papyrus of Icy Summoning
 71658 | Depths:1 | Bought a scroll of enchant weapon for 142 gold pieces
 71658 | Depths:1 | Bought a scroll of enchant weapon for 142 gold pieces
 71739 | Depths:3 | Voluntarily entered the Abyss.
 71845 | Abyss:2  | Found a corrupted altar of Lugonu.
 71889 | Abyss:2  | Found a transporter.
 71893 | Abyss:2  | Found a corrupted altar of Lugonu.
 71895 | Abyss:2  | Found a transporter.
 72054 | Abyss:3  | Found a shadowy altar of Dithmenos.
 72063 | Abyss:3  | Found a transporter.
 72118 | Abyss:3  | HP: 3/173 [green very ugly thing (16)]
 72118 | Abyss:3  | Demolished by a green very ugly thing

Illustrated notes

Levels and vault maps discovered:
D:1:      scummos_arrival_simple_crosswalls, layout_loops_ring,
          hellmonk_ecumenical_altar_blasted
D:2:      layout_basic, serial_shops, nicolae_shop_stone
D:3:      layout_basic, uniq_crazy_yiuf_cottage, uniq_grinder, uniq_sigmund
D:4:      layout_basic, nicolae_dithmenos_through_a_glass_darkly,
          minmay_temple_entry_offerings
D:5:      layout_basic, gammafunk_temple_overflow_wave, kennysheep_pointless_box
D:6:      minmay_spotlight, layout_cave_pools, portal_sewer_entry_e
D:7:      layout_basic, nicolae_uskayaw_en_pointe, nicolae_ossuary_entry_plus
D:8:      layout_rooms, tgw_trog, nicolae_qazlal_scattered_showers, uniq_maggie
D:9:      layout_basic, grunt_ministairs_5, uniq_harold
D:10:     gammafunk_mikee_crab_dinner, layout_layer_cave, tgw_xom, serial_shops,
          nicolae_inconvenience_store
D:11:     layout_rooms, lair_entry_dummy, erik_orc_1, serial_shops,
          nicolae_stop_n_shop_1, gauntlet_entry_generic, nicolae_stop_n_shop_1,
          nicolae_ru_awakened_eye, uniq_urug
D:12:     layout_rooms, lightli_corner_chamber
D:13:     layout_basic
D:14:     layout_roguey, erik_vaults_1, serial_undead, serial_undead_a,
          serial_undead_b, serial_undead_f, serial_undead_c, serial_shops, shop,
          palyth_stone_intersect, st_stairs_10, nicolae_shop_self_help,
          uniq_agnes, uniq_frances
D:15:     hangedman_depths_entry_civil_slaughter, layout_cave_pools
Temple:   regret_index_temple_waves
Lair:1:   layout_small_grid, beast_lair_carwin_5, minmay_lair_oklob_chamber,
          uniq_joseph
Lair:2:   layout_regular_city, grunt_megastairs_3, uniq_sonja
Lair:3:   layout_layer_cave, beast_lair_carwin_10, infiniplex_staircase_pool_2,
          grunt_megastairs_1
Lair:4:   layout_regular_city, minmay_swamp_entry_worms,
          nicolae_spider_entry_non_spiders, pf_torpor_hydra,
          serial_bayou_shore_b
Lair:5:   wad_woods_tower, layout_cellular_growth,
          dpeg_slime_entry_enclosed_altar
Lair:6:   minmay_lair_end_enchanted_forest, layout_long_grid, st_stairs_10
Swamp:1:  layout_basic_swamp, evilmike_swamp_ruin_house_4, uniq_louise
Swamp:2:  layout_falls_marsh, nicolae_swamp_some_circles
Swamp:3:  layout_basic_swamp, evilmike_swamp_ruin_house_5
Swamp:4:  swamp_alternative, layout_basic_swamp, swamp_pool5,
          nicolae_swamp_dense_foliage, infiniplex_staircase_pool
Spider:1: layout_spider_delve, uniq_roxanne, uniq_aizul, uniq_asterion,
          uniq_donald
Spider:2: layout_spider_delve, nzn_ghost_randoct, nicolae_spider_cling_halls
Spider:3: layout_spider_delve
Spider:4: grunt_spider_rune_circles, nicolae_spider_rock_and_or_roll,
          uniq_bai_suzhen
Orc:1:    layout_diamond_mine, basic_altar, uniq_jorgrun, uniq_nergalle
Orc:2:    st_orc_congregation, layout_caves, ebering_ghost_xom,
          david_defended_altar_orc
Elf:1:    eino_elf_arrival_altar, layout_geoelf_octagon,
          hangedman_elven_crosses_minicolossus, hangedman_elf_disciples,
          minmay_shop_star
Elf:2:    layout_geoelf_grid, minmay_misc_feat_ornament, dk_noncrumbling_4,
          due_unseen_surprise
Elf:3:    minmay_elf_hall_spiked, layout_rooms, serial_shops,
          nicolae_square_shop, hangedman_elf_simple_split, minivault_16
Vaults:1: hangedman_vaults_slice, vaults_standard_mumra_x,
          nicolae_vaults_network_periphery, hangedman_vaults_river_flow,
          vaults_dpeg_hooks, nicolae_vaults_sealed_display, vaults_dpeg_spiral,
          vaults_mumra_hex, ontoclasm_vaults_ligature, v_misc_22, v_misc_22,
          layout_vaults_omnicross
Vaults:2: nicolae_vaults_mini_display_case, ontoclasm_vaults_pinch,
          vaults_dpeg_doors, nicolae_vaults_shelves_hall,
          nicolae_vaults_circle_grid_b, vaults_room_boxed,
          ontoclasm_vaults_spin, hangedman_vaults_impose, v_pattern_2,
          v_misc_19, v_misc_27, hangedman_vaults_snaps, serial_ice_h,
          ontoclasm_vaults_loading_screen, nicolae_vaults_gold_heap,
          layout_vaults_ring, uniq_frederick
Vaults:3: v_misc_12, grunt_tower_of_power, minmay_crypt_entry_simple_corners,
          v_misc_13, layout_vaults_omnigrid, uniq_jory
Vaults:4: grunt_vaults_focal, ontoclasm_vaults_fault, v_misc_4, v_alt_pattern_3,
          vaults_mumra_minichess, serial_ice_m, v_misc_31,
          nicolae_vaults_little_squares_2, grunt_vaults_hallway_short,
          grunt_vaults_twisty, layout_vaults_big_room
Vaults:5: uniq_mennas
Depths:1: layout_forbidden_donut, serial_glass, glass_columns_b,
          glass_columns_a, nzn_wu_jian_council_hall, hellmouth_1,
          minmay_protected_statue, serial_bayou_shore_a, minmay_shoptagon,
          kennysheep_random_hallway
Depths:2: minmay_distorted_concentric_squares, layout_gridlike,
          enter_ziggurat_f, nemelex_diamond_rough_becter, hell_entry,
          vehumet_statue
Depths:3: thingy_vault_2, layout_small_grid, hell_entry, serial_bayou_pond_b,
          abyss_entry, grunt_pan_entry_sceptre, small_statue_intersection,
          yredelemnul_forgotten_temple_becter, minmay_shop_grove,
          serial_bayou_shore_b, minmay_staircase_windowed_large
Depths:4: lemuel_castle_with_subvaults [lemuel_castle_interior_carwin_2],
          layout_cave_pools, hell_entry, hangedman_abyss_entry_splay,
          chequers_decorated_corner, infiniplex_staircase_spiral_double,
          serial_bayou_shore_b
Depths:5: grunt_zot_entry_funnels, layout_honeycomb, lemuel_crystal_altar,
          pf_vacation_house_of_asmodeus
Abyss:3:  base: D:5, minivault_25_ag, gammafunk_abyss_rune_reverse_zot,
          minivault_25_ag, gammafunk_abyss_rune_reverse_zot

Skill      XL: |  1  2  3  4  5  6  7  8  9 10 11 12 13 14 15 16 17 18 19 20 21 22 23 |
---------------+----------------------------------------------------------------------+-----
Dodging        | 1 5 8 9 10 11 12 13 | 13.6
Armour         | 2 |  2.0
Short Blades   | 1 2 3 4 6 8 |  8.5
Stealth        | 1 2 4 |  4.8
Spellcasting   | 1 2 3 4 5 6 8 10 11 12 | 12.2
Ice Magic      | 1 2 3 5 |  5.0
Shields        | 1 3 4 |  4.2
Fighting       | 4 7 9 10 11 13 15 16 | 16.5
Conjurations   | 2 6 8 9 11 12 13 15 16 17 | 17.6
Air Magic      | 2 |  2.4
Earth Magic    | 4 5 7 9 10 11 13 14 15 | 15.5
Hexes          | 6 12 13 16 18 19 | 19.3
Transmutations | 5 |  5.5
Evocations     | |  3.0

Action                   |  1- 3 |  4- 6 |  7- 9 | 10-12 | 13-15 | 16-18 | 19-21 | 22-24 || total
-------------------------+-------+-------+-------+-------+-------+-------+-------+-------++-------
Melee: Club              |    12 |       |       |       |       |       |       |       ||    12
       Dagger            |   197 |    94 |     9 |       |       |       |       |       ||   300
       Rapier            |       |    12 |       |       |       |       |       |     7 ||    19
       Short sword       |       |    25 |   302 |   318 |       |       |       |       ||   645
       Quick blade       |       |       |       |   300 |  1744 |  2265 |  1121 |   213 ||  5643
       Staff             |       |       |       |       |       |     5 |     9 |    10 ||    24
Throw: Dart              |       |    11 |       |       |       |       |       |       ||    11
 Cast: Frozen Ramparts   |       |       |    21 |    57 |    26 |       |       |       ||   104
       Ozocubu's Armour  |       |       |    15 |    28 |    24 |       |       |       ||    67
       Mephitic Cloud    |       |       |       |    32 |     8 |     4 |       |       ||    44
       Irradiate         |       |       |       |       |    24 |     2 |     1 |     4 ||    31
       Invisibility      |       |       |       |       |    21 |    42 |    10 |     4 ||    77
       Yara's Violent Un |       |       |       |       |     9 |     1 |    23 |     5 ||    38
       Bolt of Magma     |       |       |       |       |     3 |     2 |       |       ||     5
       Iron Shot         |       |       |       |       |       |   194 |   247 |    20 ||   461
       Discord           |       |       |       |       |       |     7 |    81 |    32 ||   120
       Lehudib's Crystal |       |       |       |       |       |       |   126 |   172 ||   298
Evoke: Wand              |    14 |     8 |     8 |     7 |       |       |     1 |     7 ||    45
       Piece from Xom's  |       |     2 |       |       |       |       |       |       ||     2
       Condenser vane    |       |       |       |       |       |     2 |       |       ||     2
  Use: Scroll            |     2 |     9 |    17 |     6 |     6 |     8 |    17 |    11 ||    76
       Potion            |       |     2 |     1 |     1 |     4 |     7 |    10 |     3 ||    28
 Stab: Sleeping          |     1 |     7 |     8 |     8 |    12 |    16 |    19 |     4 ||    75
       Paralysed         |       |       |    42 |    68 |    65 |    71 |    79 |    21 ||   346
       Distracted        |       |       |     1 |     1 |     5 |     3 |     1 |       ||    11
       Confused          |       |       |       |     6 |       |     2 |       |       ||     8
       Invisible         |       |       |       |       |   119 |   238 |    44 |    14 ||   415
       Petrifying        |       |       |       |       |     1 |       |       |       ||     1
Armor: Leather armour    |    94 |    42 |    51 |       |       |       |       |       ||   187
       Steam dragon scal |       |       |     2 |   122 |   139 |   304 |   154 |    68 ||   789
Dodge: Dodged            |   114 |    46 |   144 |   244 |   478 |  1027 |   485 |   179 ||  2717
Block: Buckler           |       |     6 |    93 |   276 |   541 |   537 |   276 |    90 ||  1819
       Other             |       |       |     5 |       |       |       |       |       ||     5
       Reflection        |       |       |       |     7 |    24 |    10 |       |       ||    41

Table legend: (Time is in decaauts)
 A = Elapsed time spent in this place.
 B = Non-inter-level travel time spent in this place.
 C = Inter-level travel time spent in this place.
 D = Time resting spent in this place.
 E = Time spent auto-exploring this place.
 F = Levels seen in this place.
 G = Mean time per level.
                   A        B        C        D        E       F      G
               +--------+--------+--------+--------+--------+-----+--------+
         Total |  68203 |  64273 |   3930 |  10830 |  42256 |  49 | 1391.9 |
       Dungeon |  17982 |  16748 |   1234 |   1967 |  11705 |  15 | 1198.8 |
        Temple |    100 |     79 |     21 |      0 |     65 |   1 |  100.0 |
          Lair |   9469 |   8799 |    670 |   1039 |   6393 |   6 | 1578.2 |
         Swamp |   4203 |   4071 |    132 |    314 |   3100 |   4 | 1050.8 |
   Spider Nest |   4363 |   4166 |    197 |    687 |   2633 |   4 | 1090.8 |
  Orcish Mines |   1927 |   1673 |    254 |    546 |    754 |   2 |  963.5 |
   Elven Halls |   4692 |   4482 |    210 |   1368 |   2204 |   3 | 1564.0 |
        Vaults |  12177 |  11484 |    693 |   2446 |   7166 |   5 | 2435.4 |
        Depths |  12310 |  11793 |    517 |   2462 |   7624 |   5 | 2462.0 |
         Abyss |    356 |    356 |      0 |      0 |    183 |   3 |  118.7 |
       Ossuary |    621 |    621 |      0 |      0 |    427 |   1 |  621.0 |
               +--------+--------+--------+--------+--------+-----+--------+

Top non-repeatable levels by time:
Vaults:4: 4036 daAuts
Depths:4: 3881 daAuts
Depths:3: 2809 daAuts
Vaults:2: 2555 daAuts
  Lair:4: 2375 daAuts
   Elf:1: 2335 daAuts
Depths:1: 2274 daAuts
    D:10: 1996 daAuts
Vaults:1: 1994 daAuts
  Lair:3: 1955 daAuts
Vaults:3: 1921 daAuts
     D:5: 1727 daAuts
   Elf:2: 1698 daAuts
Depths:2: 1691 daAuts
 Swamp:4: 1687 daAuts
